 Dungeon Crawl Stone Soup version 0.28-a0-643-g84cb2ea78e (webtiles) character file.

Game seed: 17507025738272301917

443 Sabo the Twirler (level 7, -2/55 HPs)
             Began as a Formicid Fighter on Oct 10, 2021.
             Was a Believer of Trog.
             Slain by a yak (5 damage)
             ... on level 4 of the Dungeon.
             The game lasted 00:16:06 (4032 turns).

Sabo the Twirler (Formicid Fighter)                 Turns: 4032, Time: 00:16:07

Health: -2/55      AC:  9    Str: 21    XL:     7   Next: 23%
Magic:  7/7        EV:  8    Int:  8    God:    Trog [**....]
Gold:   127        SH:  4    Dex: 11    Spells: 6/6 levels left

rFire   + . .      SeeInvis +   a - +0 quarterstaff
rCold   . . .      Faith    .   c - +0 buckler
rNeg    . . .      Spirit   .   h - +0 chain mail
rPois   .          Reflect  .   (helmet unavailable)
rElec   .          Harm     .   (no cloak)
rCorr   .          Rampage  .   (no gloves)
Will    .....                   (no boots)
Stlth   ..........              (no amulet)
HPRegen 0.18/turn               j - ring of protection from fire
MPRegen 0.10/turn               u - ring of flight

@: flying
A: permanent stasis, dig shafts and tunnels, antennae 3, four strong arms
a: Dig, Shaft Self, Renounce Religion, Trog's Hand


You were on level 4 of the Dungeon.
You worshipped Trog.
Trog was pleased with you.
You visited 1 branch of the dungeon, and saw 4 of its levels.

You collected 127 gold pieces.

Inventory:

Hand Weapons
 a - a +0 quarterstaff (weapon)
 r - a +1 hand axe of venom
 s - a +0 hunting sling
Missiles
 e - 26 bolts
 m - 41 arrows
 o - 3 boomerangs (quivered)
 t - 6 poisoned darts
Armour
 c - a +0 buckler (worn)
 h - a +0 chain mail (worn)
Jewellery
 j - a ring of protection from fire (left hand)
 u - a ring of flight (right hand)
Scrolls
 k - a scroll of identify {unknown}
 l - a scroll of amnesia {unknown}
 n - a scroll of blinking {unknown}
 q - a scroll of noise {unknown}
Potions
 b - a potion of lignification {unknown}
 d - a potion of might
 f - a potion of heal wounds {unknown}
 g - a potion of attraction {unknown}
 i - a potion of mutation {unknown}
 p - a potion of curing {unknown}


   Skills:
 + Level 4.4 Fighting
 + Level 5.3 Staves
 + Level 4.9 Armour
 + Level 0.4 Dodging
 + Level 0.1 Stealth
 + Level 4.3 Shields


You had 6 spell levels left.
You didn't know any spells.
Your spell library was empty.

Dungeon Overview and Level Annotations

Branches:
Dungeon (4/15)
 Temple: D:4-7

Altars:
Kikubaaqudgha
Nemelex Xobeh
Trog
Uskayaw
Yredelemnul
The Shining One

Shops:
D:2 [


Innate Abilities, Weirdness & Mutations

You cannot be hasted, slowed, berserked, paralysed or teleported.
You can dig through walls and to a lower floor.
You have a pair of large antennae on your head. (SInv)
Your four strong arms can wield two-handed weapons with a shield.


Message History

The yak gores you but does no damage.
You hit the yak but do no damage.
The yak is moderately wounded.
The yak gores you.
You hit the yak.
The yak is moderately wounded.
The yak gores you.
You thump the yak!
The yak is severely wounded.
The yak gores you.
* * * LOW HITPOINT WARNING * * *
You hit the yak.
The yak is severely wounded.
The yak gores you.
* * * LOW HITPOINT WARNING * * *
You hit the yak.
The yak is almost dead.
You block the yak's attack.
You sock the yak!
You kill the yak!
Trog accepts your kill.
Your Staves skill increases to level 5!
You have reached level 7!
You hit the yak.
The yak is lightly wounded.
The yak closely misses you.
You hit the yak.
The yak is moderately wounded.
The yak gores you.
* * * LOW HITPOINT WARNING * * *
You hit the yak.
The yak is moderately wounded.
You block the yak's attack. The yak barely misses you.
You hit the yak but do no damage.
The yak is moderately wounded.
The yak gores you but does no damage.
You closely miss the yak.
The yak is moderately wounded.
The yak gores you.
You die...

###############
..............#
..............####
.............YYY@#
....^.........####
..............#
###+#.########.....
.............#.....
.............#.....
.............#.....
#####Y.###...#.....
#..###...######


You could see 3 yaks.

Vanquished Creatures
  A yak (D:4)
  A kobold brigand (D:4)
  A water moccasin skeleton (D:4)
  A jelly (D:4)
  An iguana (D:4)
  7 adders
  A worm (D:2)
  2 dart slugs
  An orc (D:3)
  2 ball pythons
  4 bats
  3 endoplasms
  2 giant cockroaches
  8 hobgoblins
  11 kobolds
  4 quokkas
  4 frilled lizards
  4 goblins
  6 rats
64 creatures vanquished.

Notes
Turn   | Place    | Note
-------+----------+-------------------------------------------
     0 | D:1      | Sabo the Formicid Fighter began the quest for the Orb.
     0 | D:1      | Reached XP level 1. HP: 18/18 MP: 1/1
   173 | D:1      | Reached XP level 2. HP: 24/24 MP: 2/2
   621 | D:1      | Reached XP level 3. HP: 30/30 MP: 3/3
  1326 | D:2      | Found a faded altar of an unknown god.
  1338 | D:2      | Prayed at the altar of an unknown god.
  1338 | D:2      | Became a worshipper of Trog the Wrathful
  1338 | D:2      | Reached * piety under Trog
  1438 | D:2      | Found Wuonoxopp's Antique Armour Shoppe.
  1449 | D:2      | Reached XP level 4. HP: 28/37 MP: 4/4
  1655 | D:2      | Reached skill level 3 in Staves
  1870 | D:2      | Found an ancient bone altar of Kikubaaqudgha.
  2432 | D:3      | Reached XP level 5. HP: 37/42 MP: 5/5
  2592 | D:3      | Found a glowing golden altar of the Shining One.
  2592 | D:3      | Found a hide-covered altar of Uskayaw.
  2600 | D:3      | Found a sparkling altar of Nemelex Xobeh.
  2605 | D:3      | Found a basalt altar of Yredelemnul.
  2607 | D:3      | Found a faded altar of an unknown god.
  3464 | D:4      | Noticed a kobold brigand
  3472 | D:4      | Reached skill level 4 in Staves
  3486 | D:4      | Killed a kobold brigand
  3486 | D:4      | Reached ** piety under Trog
  3487 | D:4      | Reached XP level 6. HP: 8/48 MP: 6/6
  3984 | D:4      | Noticed a yak
  3984 | D:4      | Noticed a yak
  3985 | D:4      | Noticed a yak
  4004 | D:4      | Noticed a yak
  4027 | D:4      | Killed a yak
  4028 | D:4      | Reached skill level 5 in Staves
  4028 | D:4      | Reached XP level 7. HP: 7/55 MP: 7/7
  4029 | D:4      | HP: 2/55 [yak (5)]
  4032 | D:4      | Slain by a yak

Illustrated notes

Levels and vault maps discovered:
D:1:      saegor_arrival_miasma, layout_basic
D:2:      layout_loops_ring, serial_shops, nicolae_diamond_shop, basic_altar,
          dreamdust_ecumenical_altar_statues
D:3:      layout_loops_corners, chequers_temple_overflow_minitemple
D:4:      layout_gridville, minmay_parallelograms, uniq_blork_the_orc

Skill      XL: |  1  2  3  4  5  6 |
---------------+-------------------+-----
Shields        | 4 |  4.3
Staves         | 3 4 5 |  5.3
Armour         | 4 |  4.9
Fighting       | 4 |  4.4
Dodging        | |  0.4
Stealth        | |  0.1

Action                   |  1- 3 |  4- 6 |  7- 9 || total
-------------------------+-------+-------+-------++-------
Melee: Quarterstaff      |   104 |   157 |     5 ||   266
 Abil: Dig               |     6 |     6 |       ||    12
  Use: Scroll            |     1 |       |       ||     1
Armor: Scale mail        |     4 |       |       ||     4
       Chain mail        |    47 |    85 |     1 ||   133
Dodge: Dodged            |    39 |    49 |     2 ||    90
Block: Buckler           |    27 |    31 |     1 ||    59

Table legend: (Time is in decaauts)
 A = Elapsed time spent in this place.
 B = Non-inter-level travel time spent in this place.
 C = Inter-level travel time spent in this place.
 D = Time resting spent in this place.
 E = Time spent auto-exploring this place.
 F = Levels seen in this place.
 G = Mean time per level.
                   A        B        C        D        E       F      G
               +--------+--------+--------+--------+--------+-----+--------+
         Total |   4095 |   4095 |      0 |   1032 |      0 |   4 | 1023.8 |
       Dungeon |   4095 |   4095 |      0 |   1032 |      0 |   4 | 1023.8 |
               +--------+--------+--------+--------+--------+-----+--------+

Top non-repeatable levels by time:
     D:1: 1186 daAuts
     D:3: 1166 daAuts
     D:2: 1140 daAuts
     D:4: 602 daAuts
